 Dungeon Sprint DCSS version 0.19-a0-1789-ga32af4e (webtiles) character file.

477 taqueso the Unseen (level 6, -4/35 HPs)
             Began as a Spriggan Assassin on Oct 4, 2016.
             Shot with an arrow by a centaur warrior (10 damage)
             ... in the Dungeon (Sprint I: "Red Sonja").
             The game lasted 00:02:44 (110 turns).

taqueso the Unseen (Spriggan Assassin)               Turns: 110, Time: 00:02:45

Health: -4/35      AC:  3    Str:  7    XL:     6   Next: 85%
Magic:  7/7        EV: 18    Int: 13    God:
Gold:   313        SH:  0    Dex: 19    Spells: 0 memorised, 5 levels left

rFire  . . .     SeeInvis +     n - +1 dagger (speed)
rCold  . . .     Gourm    .     o - +0 robe
rNeg   . . .     Faith    .     (shield restricted)
rPois  .         Spirit   .     (helmet restricted)
rElec  .         Dismiss  .     d - +0 cloak
rCorr  .         Reflect  .     (gloves unavailable)
MR     +....     Harm     .     (boots unavailable)
Stlth  ++++...... NoTele   +    (no amulet)
                                (no ring)
                                (no ring)

@: very quick
A: unfitting armour, see invisible, herbivore 3, speed 3, slow metabolism 2
a: no special abilities


You were in the Dungeon.
You were not hungry.

You visited 1 branch You collected 313 gold pieces.

Inventory:

Hand Weapons
 a - a +2 dagger
 b - a +0 blowgun
 n - a +1 dagger of speed (weapon)
   (You took it off Ijyb in the Dungeon)
Missiles
 e - 8 poisoned needles
 f - 2 curare-tipped needles
Armour
 c - a +0 robe
 d - a +0 cloak (worn)
 o - a +0 robe (worn)
   (You took it off Sigmund in the Dungeon)
Scrolls
 m - a scroll of blinking {!r}
Potions
 h - a potion of curing
 i - a potion of heal wounds
 j - a potion of haste
 k - 2 potions of magic
 l - a potion of berserk rage {!q}
Comestibles
 g - a bread ration {@e1}


   Skills:
 * Level 5.4 Fighting
 * Level 7.0 Short Blades
 - Level 2.0 Throwing
 + Level 2.6 Dodging
 + Level 17.4 Stealth


You had 5 spell levels left.
You didn't know any spells.

Dungeon Overview and Level Annotations

Branches:
Dungeon (1/1)

Altars:
Makhleb
Sif Muna
Vehumet
Xom
Jiyva
Lugonu


Innate Abilities, Weirdness & Mutations

You are very small and have problems with some larger weapons.
You are too small for most types of armour.
You have supernaturally acute eyesight. (SInv)
You are a herbivore.
You cover ground extremely quickly.
You need consume almost no food.


Message History

There is an open door here.
The helpless Sigmund fails to defend himself.
You skewer Sigmund like a kebab!!!
You kill Sigmund!
Your Fighting skill increases to level 4!
Your Short Blades skill increases to level 5!
Your Dodging skill increases to level 2!
Your Stealth skill gained 3 levels and is now at level 15!
You have reached level 5!
You feel clever.
Health restored: 30; MP restored: 6
Things that are here:
a vampiric scythe {!w}; a robe
o - a robe Wear which item? (? for menu, Esc to quit)
You start removing your armour.
You continue taking off your +0 robe. x4
You finish taking off your +0 robe.
You start putting on your armour.
You continue putting on your robe. x5
You finish putting on your +0 robe.
Okay, then.
There is an open door here.
You open the door.
There is an open door here.
You now have 27 gold pieces.
You now have 54 gold pieces (gained 27).
There is an open door here.
Things that are here:
a giant club; an ogre corpse
There is an open door here.
You see here a vampiric scythe {!w}.
You open the door.
There is an open door here.
You now have 81 gold pieces (gained 27).
You now have 108 gold pieces (gained 27).
You now have 135 gold pieces (gained 27).
You now have 162 gold pieces (gained 27).
You open the door.
A slime creature comes into view.
Found four altars.
There is an open door here.
The helpless slime creature fails to defend itself.
You skewer the slime creature like a kebab!!!!
You kill the slime creature!
Your Fighting skill increases to level 5!
Your Short Blades skill increases to level 6!
Your Stealth skill gained 2 levels and is now at level 17!
You have reached level 6!
Your experience leads to an increase in your attributes!
Increase (S)trength, (I)ntelligence, or (D)exterity?
You feel agile.
Health restored: 35; MP restored: 7
There is an open door here.
You open the door.
Found 16 gold pieces and a ring mail.
Found a deep blue altar of Sif Muna.
A jelly comes into view.
There is an open door here.
Found a radiant altar of Vehumet.
You see here 16 gold pieces.
You see here a ring mail.
The helpless jelly fails to defend itself.
You stick the jelly like a pincushion!!!!
You kill the jelly!
Your Short Blades skill increases to level 7!
There is a deep blue altar of Sif Muna here.
You see here a ring mail.
You now have 178 gold pieces (gained 16).
There is an open door here.
There is an open door here.
You see here a ring mail.
There is a deep blue altar of Sif Muna here.
You open the door.
There is an open door here.
You now have 205 gold pieces (gained 27).
You now have 232 gold pieces (gained 27).
You now have 259 gold pieces (gained 27).
You now have 286 gold pieces (gained 27).
You now have 313 gold pieces (gained 27).
There is an open door here.
There is a deep blue altar of Sif Muna here.
Search for what [? for help]? alta You open the door.
There is an open door here.
A centaur warrior comes into view.
You enter the shallow water.
Moving in this stuff is going to be slow.
A centaur warrior comes into view.
The centaur warrior shouts!
The centaur warrior wields a longbow.
The centaur warrior shoots an arrow.
The arrow hits you!
The centaur warrior wields a shortbow.
The centaur warrior shoots an arrow.
The arrow hits you!!
Ouch! That really hurt!
* * * LOW HITPOINT WARNING * * *
You hear a splash.
You see here an arrow.
You take 29 damage, and have 6/35 hp.
MASSIVE DAMAGE!!
The centaur warrior shoots an arrow.
The arrow completely misses you.
You hear a splash.
The centaur warrior shoots an arrow.
The arrow hits you!
You die...

##################
<.#..'..#.)'..#__#
..'..#.)'..#..'..+
..#####'#####'#__####
..# #..#...#.####§§#
..# ####..##[#§§§c§#
..# ##'#.§'≈@§§§+ ⌠⌠#
+.§._#≈§§c§# ###
#_.#+##+#### ##+#


You could see 2 centaur warriors.

Vanquished Creatures
  A slime creature (D)
  Sigmund (D)
  An ogre (D)
  A jelly (D)
  Ijyb (D)
5 creatures vanquished.

Notes
Turn   | Place    | Note
-------+----------+-------------------------------------------
     0 | D        | taqueso the Spriggan Assassin began the quest for the Orb.
     0 | D        | Reached XP level 1. HP: 10/10 MP: 2/2
     1 | D        | Noticed Ijyb
     4 | D        | Killed Ijyb
     4 | D        | Reached skill level 2 in Fighting
     4 | D        | Reached skill level 3 in Short Blades
     4 | D        | Reached skill level 9 in Stealth
     4 | D        | Reached XP level 2. HP: 16/16 MP: 3/3
     8 | D        | Noticed an ogre
    11 | D        | Killed an ogre
    11 | D        | Reached skill level 3 in Fighting
    11 | D        | Reached skill level 4 in Short Blades
    11 | D        | Reached skill level 12 in Stealth
    11 | D        | Reached XP level 3. HP: 20/20 MP: 4/4
    11 | D        | Reached XP level 4. HP: 25/25 MP: 5/5
    13 | D        | Noticed Sigmund
    16 | D        | Killed Sigmund
    16 | D        | Reached skill level 4 in Fighting
    16 | D        | Reached skill level 5 in Short Blades
    16 | D        | Reached skill level 2 in Dodging
    16 | D        | Reached skill level 15 in Stealth
    16 | D        | Reached XP level 5. HP: 30/30 MP: 6/6
    55 | D        | Found a burning altar of Makhleb.
    55 | D        | Found a viscous altar of Jiyva.
    55 | D        | Found a shimmering altar of Xom.
    55 | D        | Found a corrupted altar of Lugonu.
    55 | D        | Noticed a slime creature
    58 | D        | Killed a slime creature
    58 | D        | Reached skill level 5 in Fighting
    58 | D        | Reached skill level 6 in Short Blades
    58 | D        | Reached skill level 17 in Stealth
    58 | D        | Reached XP level 6. HP: 35/35 MP: 7/7
    61 | D        | Found a deep blue altar of Sif Muna.
    63 | D        | Found a radiant altar of Vehumet.
    67 | D        | Reached skill level 7 in Short Blades
   107 | D        | Noticed a centaur warrior
   109 | D        | Noticed a centaur warrior
   109 | D        | HP: 6/35 [centaur warrior/arrow (18)]
   110 | D        | Shot with an arrow by a centaur warrior

Vault maps used:
D:        dungeon_sprint_1

Skill      XL: |  1  2  3  4  5  6 |
---------------+-------------------+-----
Fighting       | 2 3 4 5 |  5.4
Short Blades   | 3 4 5 6 7 |  7.0
Stealth        | 9 12 15 17 | 17.4
Dodging        | 2 |  2.6
Throwing       | |  2.0

Action                   |  1- 3 |  4- 6 || total
-------------------------+-------+-------++-------
Melee: Dagger            |     2 |     3 ||     5
 Stab: Sleeping          |     2 |     3 ||     5
Dodge: Dodged            |       |     1 ||     1

Vault maps used:
D:        dungeon_sprint_1

Table legend:
 A = Turns spent in this place as a percentage of turns spent in the entire game.
 B = Non-inter-level travel turns spent in this place as a percentage of non-inter-level travel turns spent in the entire game.
 C = Inter-level travel turns spent in this place as a percentage of turns spent in this place.
 D = Turns resting spent in this place as a percentage of non-inter-level travel turns spent in this place.
 E = Turns spent auto-exploring this place as a percentage of non-inter-level travel turns spent in this place.
 F = Non-inter-level travel turns spent in this place divided by the number of levels of this place that you've seen.
                   A       B       C       D       E      F
               +-------+-------+-------+-------+-------+----------------------
         Total | 100.0 | 100.0 |   0.0 |   0.0 |   1.1 |  95.0
       Dungeon | 100.0 | 100.0 |   0.0 |   0.0 |   1.1 |  95.0
               +-------+-------+-------+-------+-------+----------------------

Table legend:
 A = Kills in this place as a percentage of kills in entire the game.
 B = Kills by you in this place as a percentage of kills by you in the entire game.
 C = Kills by friends in this place as a percentage of kills by friends in the entire game.
 D = Other kills in this place as a percentage of other kills in the entire game.
 E = Experience gained in this place as a percentage of experience gained in the entire game.
 F = Experience gained in this place divided by the number of levels of this place that you have seen.
                   A       B       C       D       E      F
               +-------+-------+-------+-------+-------+----------------------
         Total | 100.0 | 100.0 |  -nan |  -nan | 100.0 | 682.0
       Dungeon | 100.0 | 100.0 |  -nan |  -nan | 100.0 | 682.0
               +-------+-------+-------+-------+-------+----------------------
